 Dungeon Crawl Stone Soup version 0.19.3-1-g3169bf9 (webtiles) character file.

189 theAP the Skirmisher (level 5, -7/34 HPs)
             Began as a Gargoyle Fighter on Jan 25, 2017.
             Killed from afar by a white imp (9 damage)
             ... with a puff of frost
             ... summoned by Natasha
             ... on level 2 of the Dungeon.
             The game lasted 00:03:39 (1899 turns).

theAP the Skirmisher (Gargoyle Fighter)             Turns: 1899, Time: 00:03:41

Health: -7/34      AC: 10    Str: 21    XL:     5   Next: 68%
Magic:  5/5        EV:  7    Int:  8    God:
Gold:   90         SH:  9    Dex:  9    Spells: 0 memorised, 4 levels left

rFire  . . .     SeeInvis .     a - +0 flail
rCold  . . .     Gourm    .     b - +0 scale mail
rNeg   + . .     Faith    .     c - +0 shield
rPois  ∞         Spirit   .     (no helmet)
rElec  +         Reflect  .     (no cloak)
rCorr  .         Harm     .     (no gloves)
MR     .....                    (no boots)
Stlth  ..........               (no amulet)
                                (no ring)
                                (no ring)

@: no status effects
A: negative energy resistance 1, electricity resistance, unbreathing,
petrification resistance, rot immunity, AC +4
a: no special abilities


You were on level 2 of the Dungeon.
You were not hungry.

You visited 1 branch of the dungeon, and saw 2 of its levels.

You collected 90 gold pieces.

Inventory:

Hand Weapons
 a - a +0 flail (weapon)
Armour
 b - a +0 scale mail (worn)
 c - a +0 shield (worn)
Scrolls
 e - 9 scrolls of identify {unknown}
 i - 2 scrolls of magic mapping {unknown}
 j - 2 scrolls of fog {unknown}
 l - a scroll of teleportation {unknown}
 r - a scroll of random uselessness {unknown}
Potions
 d - 2 potions of might
 h - a potion of cure mutation {unknown}
 k - a potion of flight {unknown}
 m - a potion of berserk rage {unknown}
 o - a potion of degeneration {unknown}
 q - a potion of brilliance {unknown}
Comestibles
 f - a bread ration
 g - 2 meat rations
 n - 4 fruits
 p - a royal jelly
 s - a chunk of flesh


   Skills:
 + Level 4.7 Fighting
 * Level 4.7 Maces & Flails
 - Level 3.3 Armour
 - Level 3.2 Shields


You had 4 spell levels left.
You didn't know any spells.

Dungeon Overview and Level Annotations

Branches:
Dungeon (2/15)

Altars:
Fedhas
Makhleb
Uskayaw

Annotations:
D:2 exclusion: oklob plant, Natasha


Innate Abilities, Weirdness & Mutations

You are resistant to torment.
Your stone body is resilient. (AC +4)
You are immune to poison.
You resist negative energy. (rN+)
You are resistant to electric shocks. (rElec)
You can survive without breathing.
You are immune to petrification.
You are immune to rotting.


Message History

* * * LOW HITPOINT WARNING * * *
Natasha barely misses you. The giant cockroach closely misses you.
You hit Natasha.
Natasha is moderately wounded.
The crimson imp blinks!
You block the giant cockroach's attack.
The white imp hits you but does no damage.
The crimson imp blinks!
Natasha claws you.
* * * LOW HITPOINT WARNING * * *
You miss Natasha.
Natasha is moderately wounded.
The crimson imp disappears in a puff of smoke!
You block the giant cockroach's attack. You block the white imp's attack.
Natasha barely misses you. You block the giant cockroach's attack.
You closely miss Natasha.
Natasha is moderately wounded.
You block Natasha's attack.
The white imp grins evilly.
The white imp gestures at you. The puff of frost hits you!
You die...

#.##PPP.......PPPPPP%.#
#.##.PP...≈≈≈≈≈..P♣P%.P
#..#♣PP..≈≈≈≈≈≈≈...PPPP
##.#PP..≈≈≈≈≈≈≈≈≈P.P♣P♣
#.#P♣.≈≈≈≈≈≈≈≈≈≈≈PPPPP
#.###.≈§≈≈...≈≈≈≈.P♣PP
#...5.≈≈≈≈._...P..♣PP♣
#####s≈≈≈≈...≈≈≈≈.PPPP
#P#@5≈≈≈§≈§≈≈≈≈.P.P♣
#PP.h≈≈≈≈§≈≈≈≈P.P#PP
#PPP..≈≈≈≈≈≈≈..♣#PPP
#PPPP..≈≈≈≈≈P.PP##P♣
#PP.♣P.......PP.♣ PP
#P♣PP.##P..PP#.P# .


#♣PP###♣#PPPP.P#PPPP #P#P♣ PPP♣.P#PPPPP# #PP♣ ..P...♣P.P.P##. You could see
Natasha, a crimson imp, a white imp and a giant cockroach.

Vanquished Creatures
  Terence (D:2)
  Natasha (twice) (D:2)
  Robin (D:2)
  3 adders (D:2)
  2 worms (D:2)
  A dart slug (D:1)
  2 leopard geckos
  11 bats
  2 giant cockroaches (D:2)
  13 goblins
  10 hobgoblins
  2 jackals (D:1)
  A quokka (D:2)
  4 frilled lizards
  6 kobolds
  4 rats (D:1)
65 creatures vanquished.

Vanquished Creatures (others)
  17 toadstools (D:2)
17 creatures vanquished.

Grand Total: 82 creatures vanquished

Notes
Turn   | Place    | Note
-------+----------+-------------------------------------------
     0 | D:1      | theAP the Gargoyle Fighter began the quest for the Orb.
     0 | D:1      | Reached XP level 1. HP: 14/14 MP: 1/1
    91 | D:1      | Reached XP level 2. HP: 16/19 MP: 2/2
   480 | D:1      | Reached XP level 3. HP: 23/24 MP: 3/3
   800 | D:2      | Found a burning altar of Makhleb.
   956 | D:2      | Found a blossoming altar of Fedhas.
   975 | D:2      | Noticed an oklob plant
  1045 | D:2      | Reached XP level 4. HP: 21/29 MP: 4/4
  1134 | D:2      | Found a hide-covered altar of Uskayaw.
  1263 | D:2      | Noticed Terence
  1276 | D:2      | Killed Terence
  1318 | D:2      | Noticed Natasha
  1330 | D:2      | Killed Natasha
  1330 | D:2      | Reached XP level 5. HP: 16/34 MP: 5/5
  1498 | D:2      | Noticed Robin
  1528 | D:2      | Killed Robin
  1774 | D:2      | Noticed Natasha
  1785 | D:2      | Killed Natasha
  1883 | D:2      | Noticed Natasha
  1897 | D:2      | HP: 1/34 [Natasha (2)]
  1899 | D:2      | Killed from afar by a white imp

Skill      XL: |  1  2  3  4 |
---------------+-------------+-----
Maces & Flails | 3 4 |  4.7
Fighting       | 4 |  4.7
Armour         | |  3.3
Shields        | |  3.2

Action                   |  1- 3 |  4- 6 || total
-------------------------+-------+-------++-------
Melee: Flail             |   125 |   141 ||   266
  Eat: Chunk             |       |     4 ||     4
Armor: Scale mail        |    92 |    65 ||   157
Dodge: Dodged            |    56 |    47 ||   103
Block: Shield            |    61 |    74 ||   135
